Description

from bze to gm

Después del segundo CC hacer un Supply Depot; en el Get SALT Encoding no sale y no entiendo el porqué.

Build Order

Get SALT Encoding   

  14  0:17  Supply Depot  
  15  0:40  Barracks  
  16  0:45   Refinery  
  19  1:27   Reaper  
  20  1:28   Orbital Command  
  20  1:38   Command Center  
  20  1:47   Supply Depot  
  22  1:59   Marine  
  23  2:08   Factory  
  23  2:15   Refinery  
  24  2:20   Barracks Reactor  
  26  2:50  Orbital Command  
  27  2:54  Factory Tech Lab  
  27  2:56  Bunker  
  28  2:58  Marine x2  
  33  3:12  Siege Tank  
  36  3:16   Supply Depot, Marine x2  
  41  3:34  Marine x2  
  46  3:44  Siege Tank  
  46  3:47   Command Center  
  46  3:51  Supply Depot  
  53  4:15   Barracks x2  
  53  4:16   Siege Tank  
  59  4:24   Supply Depot  
  61  4:36   Engineering Bay x2  
  65  4:46   Supply Depot  
  65  4:48   Siege Tank  
  70  5:00  Orbital Command  
  71  5:05  Terran Infantry Armor Level 1, Terran Infantry Weapons Level 1  
  71  5:07  Barracks Tech Lab x2  
Spawning Tool Build Advisor. Get it on Overwolf

Go to:

Details

  • Created by: CapitanKara
  • Published on: Jul 10, 2025
  • Modified on: Jul 12, 2025
  • Patch: 5.0.11
  • Difficulty: Medium
Show
View Real Time Build Order
Export as new Build Order

Comments (0)

There are no comments. Be the first!

Create an account to comment!